 Dungeon Crawl Stone Soup version 0.30-a0-335-ge5acde7520 (webtiles) character file.

Game seed: 3558904632073851284

3784 Harunobu the Covert (level 10, -5/67 HPs)
             Began as a Gargoyle Monk on Oct 30, 2022.
             Was a Believer of Okawaru.
             Slain by a komodo dragon (23 damage)
             ... on level 7 of the Dungeon.
             The game lasted 00:18:16 (8514 turns).

Harunobu the Covert (Gargoyle Monk)                 Turns: 8514, Time: 00:18:17

Health: -5/67      AC: 15    Str: 25    XL:     10   Next: 16%
Magic:  0/10       EV: 12    Int: 18    God:    Okawaru [**....]
Gold:   567        SH:  0    Dex: 12    Spells: 9/9 levels left

rFire   . . .      SeeInvis .    K - +7 quarterstaff of Terra Cotta {vorpal, *Corrode rC++ Str+7}
rCold   + + .      Faith    .    (shield currently unavailable)
rNeg    + . .      Spirit   +    L - +0 scale mail
rPois   ∞          Reflect  .    (no helmet)
rElec   +          Harm     .    I - +0 cloak
rCorr   .          Rampage  .    w - +0 pair of gloves
Will    .....                    (no boots)
Stlth   +++.......               J - amulet of guardian spirit
HPRegen 0.31/turn                v - +6 ring of intelligence
MPRegen 0.12/turn                s - +4 ring of protection

@: corroded
A: sickness immunity, AC +7, negative energy resistance 1, electricity
resistance, torment resistance 1, petrification resistance
a: Renounce Religion, Heroism


You were on level 7 of the Dungeon.
You worshipped Okawaru.
Okawaru was pleased with you.
You visited 2 branches of the dungeon, and saw 9 of its levels.
You also visited: Sewer.

You collected 567 gold pieces.

Inventory:

Hand Weapons
 j - a +2 dagger of venom
 F - a +4 short sword
 H - a +4 quarterstaff of chaos
 K - the +7 quarterstaff of Terra Cotta (weapon) {vorpal, *Corrode rC++ Str+7}
   (You found it on level 8 of the Dungeon)

   It inflicts extra damage upon your enemies.
   Str:       It affects your strength (+7).
   rC:        It greatly protects you from cold.
   *Corrode:  It may corrode you when you take damage.
Armour
 w - a +0 pair of gloves (worn)
 I - a +0 cloak (worn)
 L - a +0 scale mail (worn)
 O - a +0 buckler
Jewellery
 s - a +4 ring of protection (right hand)
 v - a +6 ring of intelligence (left hand)
 G - a +4 ring of evasion
 J - an amulet of guardian spirit (around neck)
Wands
 a - a wand of polymorph (8)
 r - a wand of mindburst (18)
 M - a wand of paralysis (8)
 N - a wand of iceblast (6)
 R - a wand of digging (6)
Scrolls
 b - a scroll of summoning {unknown}
 f - a scroll of immolation
 g - a scroll of blinking
 i - 2 scrolls of amnesia {unknown}
 n - 2 scrolls of torment {unknown}
 o - 4 scrolls of teleportation
 q - 2 scrolls of identify
 t - 4 scrolls of enchant weapon
 u - a scroll of noise {unknown}
 x - a scroll of fog {unknown}
 y - 2 scrolls of vulnerability {unknown}
 A - 2 scrolls of enchant armour {unknown}
 Q - a scroll of acquirement {unknown}
Potions
 c - a potion of ambrosia
 d - 4 potions of might
 e - 4 potions of curing
 h - a potion of degeneration {unknown}
 k - a potion of resistance {unknown}
 l - a potion of berserk rage {unknown}
 m - 7 potions of heal wounds
 p - 2 potions of lignification
 z - a potion of invisibility {unknown}
 B - a potion of experience {unknown}
 C - a potion of magic {unknown}
 D - a potion of brilliance {unknown}
 E - a potion of haste {unknown}
 P - a potion of cancellation {unknown}


   Skills:
 + Level 9.7 Fighting
 - Level 3.0 Maces & Flails
 + Level 7.4 Dodging
 + Level 10.1 Stealth


You had 9 spell levels left.
You didn't know any spells.
Your spell library contained the following spells:

 Spells                   Type           Power      Damage    Failure   Level
 Necrotise                Necr           0%         1d4       47%         1
 Shock                    Conj/Air       0%         1d3       47%         1
 Scorch                   Fire           0%         2d5       63%         2
 Swiftness                Air            0%         N/A       85%         3
 Vampiric Draining        Necr           0%         2d6       85%         3
 Airstrike                Air            0%         2d(0-16)  99%         4
 Flame Wave               Conj/Fire      0%         2d4       99%         4
 Olgreb's Toxic Radiance  Pois           0%         N/A       99%         4
 Passage of Golubria      Tloc           0%         N/A       99%         4
 Agony                    Necr           0%         N/A       100%        5
 Alistair's Intoxication  Tmut/Pois      0%         N/A       100%        5
 Borgnjor's Vile Clutch   Necr/Erth      0%         N/A       100%        5
 Yara's Violent Unravell  Hex/Tmut       0%         3d3       100%        5
 Eringya's Noxious Bog    Tmut/Pois      0%         N/A       100%        6
 Ozocubu's Refrigeration  Ice            0%         4d7       100%        7
 Ignition                 Fire           0%         3d3       100%        8
 Tukima's Dance           Hex            Unusable   N/A       N/A         3
 Summon Cactus Giant      Summ           Unusable   N/A       N/A         6

Dungeon Overview and Level Annotations

Branches:
Dungeon (8/15)             Temple (1/1) D:7           Sewer (visited)
   Lair: D:8-11

Altars:
Ashenzari
Cheibriados
Elyvilon
Fedhas
Gozag
Hepliaklqana
Kikubaaqudgha
Nemelex Xobeh
Okawaru
Qazlal
Sif Muna
Trog
Uskayaw
Vehumet
Wu Jian
Xom
Yredelemnul
Zin
The Shining One

Shops:
D:1 (   D:2 *   D:4 :   D:5 :


Innate Abilities, Weirdness & Mutations

You are immune to sickness and miasma.
Your stone body is resilient. (AC +7)
You are immune to poison.
You resist negative energy. (rN+)
You are resistant to electric shocks. (rElec)
You are resistant to unholy torment.
You are immune to petrification.


Message History

The komodo dragon attacks as you move away!
The komodo dragon bites you!
* * * LOW HITPOINT WARNING * * *
Your corrosive artefact corrodes you!
The bullfrog hits you.
* * * LOW HITPOINT WARNING * * *
The komodo dragon hisses menacingly.
The bullfrog hits you but does no damage.
The bullfrog attacks as you move away!
The bullfrog hits you but does no damage.
You barely miss the bullfrog.
The bullfrog hits you but does no damage. x2
The bullfrog attacks as you move away! The bullfrog closely misses you.
The bullfrog hits you.
* * * LOW HITPOINT WARNING * * *
You completely miss the bullfrog.
The bullfrog hits you but does no damage.
You thump the bullfrog!
The bullfrog is severely wounded.
The bullfrog hits you but does no damage.
The bullfrog hits you.
* * * LOW HITPOINT WARNING * * *
You sock the bullfrog!
You kill the bullfrog!
Okawaru accepts your kill.
The water moccasin bites you but does no damage.
You hit the water moccasin.
The water moccasin is moderately wounded.
The water moccasin bites you but does no damage.
You sock the water moccasin!
The water moccasin is severely wounded.
The water moccasin barely misses you.
The water moccasin bites you but does no damage.
You sock the water moccasin!
You kill the water moccasin!
Okawaru accepts your kill.
You hit the komodo dragon.
The komodo dragon is moderately wounded.
The komodo dragon bites you!!
You die...

##########.# #.....# # ####
#.....# ##....##
...###.##### #.....#
.......## ######.....#######
.#.###..# #.##.............#
.#......###................#
.######.#......#.##........#
.# #....>####l########### .#
####.#.####@# .#
#.......†(..#
.########.#.####.# .....#
#.#.####'###
####.#####.........# #...#
#.........# ###.#
#.........# ###### #.#
#.........# ###..... #.#
#.........#######.......


You could see a komodo dragon.

Vanquished Creatures
  A hornet (D:8)
  Grinder (Sewer)
  Prince Ribbit (D:5)
  Sigmund (D:3)
  A wyvern (D:5)
  Eustachio (D:4)
  3 water moccasins (D:7)
  5 black bears
  An ogre (D:5)
  3 phantoms
  2 kobold brigands (Sewer)
  2 bullfrogs
  2 scorpions
  4 jellies
  3 wights (D:6)
  2 howler monkeys
  An electric eel (D:6)
  3 hounds
  2 orc priests (D:6)
  Crazy Yiuf (D:4)
  2 iguanas (D:5)
  7 orc wizards
  Robin (D:4)
  13 gnolls
  8 adders
  4 shadow imps
  2 white imps
  4 ufetubi (Sewer)
  3 worms
  3 dart slugs
  15 orcs
  5 ball pythons
  2 bats (D:1)
  A bat zombie (Sewer)
  10 endoplasms
  5 giant cockroaches
  44 goblins
  24 hobgoblins
  3 jackals (D:1)
  3 quokkas
  5 frilled lizards
  24 kobolds
  2 kobold zombies (Sewer)
  10 rats
240 creatures vanquished.

Vanquished Creatures (others)
  A goblin (D:6)
  16 fungi
  19 plants
  A withered plant (D:2)
37 creatures vanquished.

Grand Total: 277 creatures vanquished

Notes
Turn   | Place    | Note
-------+----------+-------------------------------------------
     0 | D:1      | Harunobu the Gargoyle Monk began the quest for the Orb.
     0 | D:1      | Reached XP level 1. HP: 14/14 MP: 1/1
    86 | D:1      | Found Hiklayss's Antique Weapon Shop.
   326 | D:1      | Reached XP level 2. HP: 19/19 MP: 2/2
   868 | D:1      | Reached XP level 3. HP: 24/24 MP: 3/3
  1042 | D:2      | Reached skill level 3 in Stealth
  1077 | D:2      | Found Byiwe's Assorted Antiques.
  1181 | D:2      | Found a faded altar of an unknown god.
  1543 | D:2      | Reached XP level 4. HP: 18/29 MP: 4/4
  1901 | D:3      | Noticed Sigmund
  1964 | D:3      | Found a shimmering blue altar of Sif Muna.
  2329 | D:3      | Found a faded altar of an unknown god.
  2347 | D:3      | Found a broken altar of Ashenzari.
  2696 | D:4      | Noticed Eustachio
  2772 | D:4      | Found a runed translucent door.
  2773 | D:4      | Noticed Crazy Yiuf
  2840 | D:4      | Found Nixuk's Book Boutique.
  2857 | D:4      | Noticed Robin
  2886 | D:4      | Reached XP level 5. HP: 24/34 MP: 5/5
  2898 | D:4      | Reached skill level 4 in Stealth
  2933 | D:5      | Entered Level 5 of the Dungeon
  3012 | D:4      | Killed Eustachio
  3013 | D:4      | Reached skill level 5 in Fighting
  3013 | D:4      | Reached XP level 6. HP: 32/40 MP: 6/6
  3022 | D:4      | Found a sparkling altar of Nemelex Xobeh.
  3044 | D:4      | Noticed a black bear
  3054 | D:4      | Killed a black bear
  3055 | D:4      | Reached skill level 5 in Stealth
  3055 | D:4      | Reached XP level 7. HP: 41/44 MP: 7/7
  3106 | D:4      | Found a glowing drain.
  3120 | Sewer    | Entered a sewer
  3305 | Sewer    | Found an ancient bone altar of Kikubaaqudgha.
  3480 | Sewer    | Noticed Grinder
  3565 | Sewer    | Reached skill level 6 in Stealth
  4139 | Sewer    | Paralysed by Grinder for 2 turns
  4153 | Sewer    | Paralysed by Grinder for 5 turns
  4161 | Sewer    | Killed Grinder
  4162 | Sewer    | Reached skill level 5 in Dodging
  4162 | Sewer    | Reached XP level 8. HP: 37/52 MP: 8/8
  4454 | D:4      | Killed Robin
  4672 | D:4      | Killed Crazy Yiuf
  4960 | D:3      | Killed Sigmund
  5069 | D:5      | Found Vepipn's Book Emporium.
  5090 | D:5      | You fall into a shaft and drop 3 floors!
  5115 | D:8      | Identified the +7 quarterstaff of Terra Cotta {vorpal,
                  | *Corrode rC++ Str+7}
  5130 | D:8      | Noticed a hornet
  5136 | D:8      | Killed a hornet
  5137 | D:8      | Reached skill level 7 in Stealth
  5293 | D:6      | Found a basalt altar of Yredelemnul.
  5300 | D:6      | Found a blossoming altar of Fedhas.
  5722 | D:5      | Reached XP level 9. HP: 56/59 MP: 9/9
  5803 | D:5      | Noticed Prince Ribbit
  5814 | D:5      | Killed Prince Ribbit
  5815 | D:5      | Reached skill level 8 in Stealth
  5906 | D:5      | Found a bloodstained altar of Trog.
  6322 | D:6      | Reached skill level 9 in Stealth
  7807 | D:7      | Found a staircase to the Ecumenical Temple.
  7870 | D:7      | Found a hazy altar of Hepliaklqana.
  7912 | Temple   | Entered the Ecumenical Temple
  7954 | Temple   | Became a worshipper of Warmaster Okawaru
  7954 | Temple   | Reached * piety under Okawaru
  7954 | Temple   | Reached ** piety under Okawaru
  8162 | D:7      | Found an opulent altar of Gozag.
  8384 | D:7      | Reached XP level 10. HP: 66/66 MP: 10/10
  8416 | D:7      | Reached skill level 10 in Stealth
  8514 | D:7      | Slain by a komodo dragon

Illustrated notes

Levels and vault maps discovered:
D:1:      amcnicky_arrival_gap_in_the_tavern_cellar, layout_loops_corners,
          serial_shops, shop, minmay_misc_feat_diagonals
D:2:      layout_loops_cross, shapermc_ecumenical_altar_gd, serial_shops,
          nicolae_shop_waterfront, hangedman_decor_slide_cut,
          chequers_serial_rivers_marsh, minmay_ruptured
D:3:      layout_basic, mainiacjoe_overflow_concentric_impassable,
          nicolae_overflow_ecumenical_swirl, grunt_ministairs_10,
          hangedman_abyss_or_decor_lesser_grid, uniq_sigmund
D:4:      layout_rooms, mainiacjoe_overflow_six_doors_small, serial_shops, shop,
          gup_sewer_entry_bubbles, uniq_crazy_yiuf_cottage, uniq_eustachio,
          uniq_robin
D:5:      layout_loops_cross, general_overflow_altar, serial_shops, shop,
          hangedman_abyss_or_decor_jellyfish_corner,
          amcnicky_mini_corridor_feature, uniq_grinder, uniq_prince_ribbit1
D:6:      minmay_goblin_kobold_castle, layout_basic, nicolae_overflow_squiral
D:7:      layout_basic, grunt_gozag_breadcrumbs, mainiacjoe_overflow_catwalk,
          minmay_temple_entry_statues_fountains
D:8:      layout_cave_pools, nicolae_ru_the_path_less_chosen,
          due_lair_maze_entry_diamond
Temple:   minmay_temple_bridge_abc

Skill      XL: |  1  2  3  4  5  6  7  8  9 10 |
---------------+-------------------------------+-----
Stealth        | 3 4 5 6 7 9 10 | 10.1
Fighting       | 4 5 6 7 9 |  9.7
Dodging        | 3 4 5 7 |  7.4
Maces & Flails | |  3.0

Action                   |  1- 3 |  4- 6 |  7- 9 | 10-12 || total
-------------------------+-------+-------+-------+-------++-------
Melee: Mace              |    28 |       |       |       ||    28
       Dagger            |    66 |   114 |   256 |       ||   436
       Punch             |       |       |     4 |       ||     4
       Quarterstaff      |       |       |   243 |    30 ||   273
  Use: Potion            |       |       |     1 |       ||     1
       Scroll            |       |       |     7 |       ||     7
 Stab: Sleeping          |     2 |     6 |     5 |       ||    13
Armor: Robe              |    20 |    64 |   140 |       ||   224
       Scale mail        |       |       |   216 |    48 ||   264
Dodge: Dodged            |    59 |    71 |   461 |    41 ||   632

Table legend: (Time is in decaauts)
 A = Elapsed time spent in this place.
 B = Non-inter-level travel time spent in this place.
 C = Inter-level travel time spent in this place.
 D = Time resting spent in this place.
 E = Time spent auto-exploring this place.
 F = Levels seen in this place.
 G = Mean time per level.
                   A        B        C        D        E       F      G
               +--------+--------+--------+--------+--------+-----+--------+
         Total |   8639 |   8262 |    377 |   1660 |   3988 |  10 |  863.9 |
       Dungeon |   7318 |   6961 |    357 |   1190 |   3723 |   8 |  914.8 |
        Temple |     63 |     43 |     20 |      0 |     19 |   1 |   63.0 |
         Sewer |   1257 |   1257 |      0 |    470 |    245 |   1 | 1257.0 |
               +--------+--------+--------+--------+--------+-----+--------+

Top non-repeatable levels by time:
     D:6: 1784 daAuts
   Sewer: 1257 daAuts
     D:1: 994 daAuts
     D:2: 976 daAuts
     D:3: 971 daAuts
     D:5: 876 daAuts
     D:4: 861 daAuts
     D:7: 772 daAuts
     D:8: 80 daAuts
  Temple: 63 daAuts
